 Dungeon Crawl Stone Soup version 0.30.1-9-gdf580d7c3d (webtiles) character file.

Game seed: 15464156454041887596

63 lsdroyale the Ducker (level 4, -1/35 HPs)
             Began as a Merfolk Gladiator on Sept 30, 2023.
             Was a Follower of Wu Jian.
             Frozen to death by an endoplasm (4 damage)
             ... on level 2 of the Dungeon.
             The game lasted 00:04:06 (869 turns).

lsdroyale the Ducker (Merfolk Gladiator)             Turns: 869, Time: 00:04:06

Health: -1/35      AC:  4    Str: 14    XL:     4   Next: 10%
Magic:  4/4        EV: 14    Int:  7    God:    Wu Jian [*.....]
Gold:   46         SH:  0    Dex: 17    Spells: 3/3 levels left

rFire   . . .        a - +2 trident
rCold   . . .        (no shield)
rNeg    . . .        b - +0 leather armour
rPois   .            c - +0 helmet
rElec   .            (no cloak)
rCorr   .            (no gloves)
SInv    .            (no boots)
Will    .....        (no amulet)
Stlth   ++           (no ring)
HPRegen 0.25/turn    (no ring)
MPRegen 0.09/turn

%: no passive effects
@: slowed, very slow
A: (nimble swimmer 2), mertail
a: Renounce Religion


You were on level 2 of the Dungeon.
You worshipped Wu Jian.
Wu Jian was aware of your devotion.
You visited 1 branch of the dungeon, and saw 2 of its levels.

You collected 46 gold pieces.

Inventory:

Hand Weapons
 a - a +2 trident (weapon)
Missiles
 d - 3 throwing nets (quivered)
 e - a javelin
Armour
 b - a +0 leather armour (worn)
 c - a +0 helmet (worn)
Scrolls
 g - a scroll of fog {unknown}
 h - a scroll of fear {unknown}
 i - a scroll of vulnerability {unknown}
 m - a scroll of identify {unknown}
 o - a scroll of noise {unknown}
Potions
 j - a potion of mutation {unknown}
 k - a potion of lignification {unknown}
 l - a potion of curing {unknown}
 n - a potion of degeneration {unknown}


   Skills:
 + Level 3.0 Fighting
 + Level 4.7 Polearms
 - Level 2.0 Throwing
 + Level 4.7 Dodging
 + Level 1.9 Stealth


You had 3 spell levels left.
You didn't know any spells.
Your spell library was empty.

Dungeon Overview and Level Annotations

Branches:
Dungeon (2/15)

Altars:
Wu Jian


Innate Abilities, Weirdness & Mutations

((You are very nimble when in or above water. (Stealth+, EV+, Speed+++)))
Your lower body shifts to a powerful aquatic tail in water.


Message History

Jessica attacks as you move away! Jessica closely misses you.
Okay, then.
You puncture Jessica!
Jessica is almost dead.
You feel less confused.
Jessica points at you and mumbles some strange words.
You feel yourself slow down. The kobold closely misses you.
The endoplasm hits you but does no damage.
Jessica gestures at you while chanting.
You barely resist. You puncture Jessica!
You kill Jessica!
The Council accepts your kill. The kobold hits you but does no damage.
The endoplasm barely misses you. The kobold closely misses you.
The endoplasm barely misses you.
Your Fighting skill increases to level 3!
You have reached level 4!
You spin and attack the kobold.
You barely miss the kobold. The kobold hits you but does no damage.
Items here: ! ) / [ †.
The rat attacks as you move away! The rat closely misses you. x2
The kobold barely misses you. The kobold attacks as you move away!
The kobold hits you with a +0 short sword.
* * * LOW HITPOINT WARNING * * *
The rat twitches its whiskers.
The rat closely misses you.
The kobold hits you with a +0 short sword.
* * * LOW HITPOINT WARNING * * *
You hit the kobold.
You kill the kobold!
The Council accepts your kill. The rat closely misses you. The rat bites you.
* * * LOW HITPOINT WARNING * * *
The endoplasm barely misses you.
You closely miss the rat. The rat closely misses you.
The endoplasm freezes you.
You are frozen.
You die...

..####........ .###
#.†....... # .
####..#...##. .. .
##.........# ...
##)........## ..
###.............
...#.###.).......##.###
.............J........#
... ####.....
.....#@r##.....## ##.
........ ...#
#..#.......# ....... ##
...#.......# ......
............#.# .>...
#.##..#...<....# ....#
#. ##.............
...<# #. #......######.
....# # #.###.## ....#
# #.


You could see an endoplasm and a rat.

Vanquished Creatures
  Jessica (D:2)
  A dart slug (D:1)
  4 ball pythons (D:1)
  4 endoplasms (D:1)
  2 giant cockroaches (D:1)
  2 goblins (D:1)
  3 hobgoblins (D:1)
  2 jackals (D:1)
  4 quokkas
  2 bats
  3 kobolds
  2 rats (D:1)
30 creatures vanquished.

Notes
Turn   | Place    | Note
-------+----------+-------------------------------------------
     0 | D:1      | lsdroyale the Merfolk Gladiator began the quest for the
                  | Orb.
     0 | D:1      | Reached XP level 1. HP: 16/16 MP: 1/1
    91 | D:1      | Reached XP level 2. HP: 22/23 MP: 2/2
   108 | D:1      | Found a faded altar of an unknown god.
   124 | D:1      | Reached skill level 1 in Stealth
   150 | D:1      | Prayed at the altar of an unknown god.
   150 | D:1      | Became a worshipper of the Wu Jian Council
   150 | D:1      | Reached * piety under Wu Jian
   407 | D:1      | Reached XP level 3. HP: 28/28 MP: 3/3
   849 | D:2      | Noticed Jessica
   862 | D:2      | Killed Jessica
   863 | D:2      | Reached XP level 4. HP: 6/35 MP: 4/4
   869 | D:2      | Frozen to death by an endoplasm

Illustrated notes

Levels and vault maps discovered:
D:1:      dpeg_arrival_signposts, layout_basic,
          chequers_ecumenical_altar_island, minmay_door_square
D:2:      layout_rooms, serial_shops, shop, st_stairs_2, uniq_jessica

Skill      XL: |  1  2  3 |
---------------+----------+-----
Stealth        | 1 |  1.9
Fighting       | 3 |  3.0
Polearms       | |  4.7
Throwing       | |  2.0
Dodging        | |  4.7

Action                     |  1- 3 |  4- 6 || total
---------------------------+-------+-------++-------
  Melee: Trident           |    79 |     3 ||    82
         Tailslap          |     1 |       ||     1
Ability: Lunge             |     7 |       ||     7
         Whirlwind         |     1 |     1 ||     2
    Use: Scroll            |     2 |       ||     2
   Stab: Sleeping          |     7 |       ||     7
 Armour: Leather armour    |    21 |     1 ||    22
  Dodge: Dodged            |    47 |     7 ||    54
